 Dungeon Crawl Stone Soup version 0.26.1-11-gd32895ea62 (webtiles) character file.

Game seed: 8413165404456388376

1808 nothank2 the Changer (level 8, -1/69 HPs)
             Began as a Demigod Transmuter on June 24, 2021.
             Slain by a bullfrog (6 damage)
             ... on level 6 of the Dungeon.
             The game lasted 00:20:58 (9882 turns).

nothank2 the Changer (Demigod Transmuter)           Turns: 9882, Time: 00:20:59

Health: -1/69      AC:  6    Str: 13    XL:     8   Next: 54%
Magic:  17/20      EV: 10    Int: 21    God:
Gold:   228        SH:  0    Dex: 16    Spells: 11/19 levels left

rFire    x . .     SeeInvis .     - Unarmed
rCold    + + +     Faith    .   (shield currently unavailable)
rNeg     . . .     Spirit   .   (armour currently unavailable)
rPois    +         Reflect  .   (helmet currently unavailable)
rElec    .         Harm     .   (cloak currently unavailable)
rCorr    .         Rampage  .   (gloves currently unavailable)
Will     +....                  (boots currently unavailable)
Stlth    +.........             (no amulet)
HPRegen  0.21/turn              f - ring of wizardry
MPRegen  0.17/turn              g - ring of willpower

@: ice-form
A: large, high mp 1
a: End Transformation


You were on level 6 of the Dungeon.
You were a creature of crystalline ice.
You visited 1 branch of the dungeon, and saw 7 of its levels.

You collected 325 gold pieces.
You spent 97 gold pieces at shops.

Inventory:

Hand Weapons
 b - a +0 short sword
 x - a +2 dagger of protection
 z - a +1 rapier of electrocution (melded)
 A - a cursed -1 short sword
Armour
 a - a +0 robe (melded)
 o - a +1 pair of boots (melded)
Jewellery
 f - a ring of wizardry (left front paw)
 g - a ring of willpower (right front paw)
 j - an uncursed ring of poison resistance
Wands
 s - a wand of paralysis (7)
 B - a wand of flame (13)
 C - a wand of enslavement (10)
Scrolls
 d - 2 scrolls of fog {unknown}
 l - 2 scrolls of amnesia {unknown}
 n - 2 scrolls of enchant weapon
 q - 4 scrolls of teleportation
 r - 2 scrolls of immolation
 t - a scroll of blinking {unknown}
 u - 3 scrolls of identify
 y - a scroll of fear {unknown}
 D - a scroll of remove curse
Potions
 c - 2 potions of cancellation {unknown}
 e - 2 potions of degeneration
 h - 2 potions of heal wounds
 i - a potion of brilliance
 k - a potion of might {unknown}
 m - 3 potions of curing {unknown}
 p - a potion of ambrosia
 v - 2 potions of mutation {unknown}
 w - a potion of flight {unknown}


   Skills:
 - Level 0.8 Fighting
 - Level 0.1 Short Blades
 - Level 1.7 Dodging
 - Level 2.6 Unarmed Combat
 - Level 6.0 Spellcasting
 + Level 6.6 Transmutations
 + Level 1.1 Ice Magic
 + Level 5.0 Poison Magic


You had 11 spell levels left.
You knew the following spells:

 Your Spells              Type           Power        Failure   Level
a - Beastly Appendage     Tmut           68%          1%          1
b - Spider Form           Tmut/Pois      15%          1%          3
c - Ice Form              Ice/Tmut       22%          9%          4

Your spell library contained the following spells:

 Spells                   Type           Power        Failure   Level
 Wereblood                Tmut           34%          1%          2
 Blade Hands              Tmut           17%          8%          5


Dungeon Overview and Level Annotations

Branches:
Dungeon (7/15)             Temple (0/1) D:5

Shops:
D:4 ?


Innate Abilities, Weirdness & Mutations

You have an increased reservoir of magic. (+10% MP)


Message History

The bullfrog hits you but does no damage.
The ice beast hits you.
* * * LOW HITPOINT WARNING * * *
The ice beast freezes you. You resist.
* * * LOW HITPOINT WARNING * * *
You barely miss the orc. The orc closely misses you. The bullfrog hits you.
* * * LOW HITPOINT WARNING * * *
The ice beast hits you.
* * * LOW HITPOINT WARNING * * *
The ice beast freezes you. You resist.
* * * LOW HITPOINT WARNING * * *
The orc closely misses you.
Things that are here:
a +0 leather armour; a +0 club The bullfrog is no longer moving slowly.
The bullfrog hits you.
* * * LOW HITPOINT WARNING * * *
The bullfrog barely misses you. The bullfrog hits you.
You die...

#........####### #.#.#.#.#
#..... ########.......#
#.#.#...###.####
#.......###'#'#...........
#......<##.......####...##
#.......##................
#.......##.......####.#...
#..........o.Y.[†.......##
#...........####>####.#.#
#........YF.# #.# #.#'##
#.......##### #.# #.....
##....### #.####.....
#....# ######..........
#....# #.........##....
#....# #...............
#....# #.........##....
#....# #.........######
#....# #.........######


You could see an ice beast, a bullfrog and an orc.

Vanquished Creatures
  Grinder (D:6)
  2 sky beasts (D:5)
  An ice beast (D:6)
  A black bear (D:6)
  2 eyes of draining (D:5)
  An ogre (D:5)
  2 centaurs (D:6)
  A gnoll sergeant (D:5)
  A water moccasin zombie (D:5)
  2 scorpions
  A hound (D:4)
  A centaur skeleton (D:4)
  2 orc priests (D:6)
  4 orc wizards
  2 iguanas
  3 worker ants (D:4)
  9 adders
  4 gnolls
  A white imp (D:6)
  An ooze (D:1)
  An adder zombie (D:5)
  2 adder skeletons
  3 worms (D:3)
  A dart slug (D:1)
  6 leopard geckos
  21 orcs
  17 giant cockroaches
  9 goblins
  8 hobgoblins
  2 jackals (D:6)
  10 kobolds
  2 quokkas
  2 ball pythons
  9 bats
  3 frilled lizards
  A leopard gecko skeleton (D:4)
  6 rats
145 creatures vanquished.

Vanquished Creatures (others)
  9 plants (D:4)
9 creatures vanquished.

Grand Total: 154 creatures vanquished

Notes
Turn   | Place    | Note
-------+----------+-------------------------------------------
     0 | D:1      | nothank2 the Demigod Transmuter began the quest for the
                  | Orb.
     0 | D:1      | Reached XP level 1. HP: 15/15 MP: 5/5
   329 | D:1      | Reached XP level 2. HP: 15/22 MP: 5/7
  1388 | D:2      | Reached XP level 3. HP: 27/27 MP: 7/9
  2752 | D:2      | Reached XP level 4. HP: 34/34 MP: 9/11
  2779 | D:3      | Learned a level 3 spell: Spider Form
  4413 | D:4      | Reached XP level 5. HP: 39/39 MP: 9/13
  4669 | D:4      | Found Hicaz's Magic Scroll Shop.
  4998 | D:4      | Bought a scroll of enchant weapon for 97 gold pieces
  5075 | D:4      | Found a broken altar of Ashenzari.
  5229 | D:4      | Reached skill level 1 in Poison Magic
  5229 | D:4      | Reached XP level 6. HP: 36/46 MP: 12/15
  6100 | D:5      | Entered Level 5 of the Dungeon
  6106 | D:5      | Learned a level 4 spell: Ice Form
  6913 | D:5      | Reached XP level 7. HP: 32/51 MP: 14/17
  7041 | D:5      | Reached skill level 5 in Spellcasting
  7514 | D:5      | Reached skill level 5 in Transmutations
  7679 | D:5      | Found a staircase to the Ecumenical Temple.
  7959 | D:5      | Found a bloodstained altar of Trog.
  8621 | D:6      | Noticed Grinder
  8659 | D:6      | Reached XP level 8. HP: 50/58 MP: 18/20
  9494 | D:6      | Killed Grinder
  9835 | D:6      | Reached skill level 1 in Ice Magic
  9868 | D:7      | Reached skill level 5 in Poison Magic
  9882 | D:6      | Slain by a bullfrog

Illustrated notes

Levels and vault maps discovered:
D:1:      dpeg_arrival_tiny_j, layout_basic, amethyst_killhole
D:2:      layout_loops_ring
D:3:      minmay_roachtagon, layout_loops_ring
D:4:      layout_basic, serial_forest, infiniplex_forest_clump_small,
          infiniplex_forest_diagonal, infiniplex_forest_clump_long,
          infiniplex_forest_straight_1, infiniplex_forest_straight_4,
          infiniplex_forest_pool, serial_shops, shop,
          hangedman_abyss_or_decor_stabs, evilmike_ruin_ashenzari
D:5:      layout_basic, minmay_temple_entry_glassed_door, serial_glass,
          glass_columns_a, glass_columns_b, minmay_strange_pillars,
          minmay_strange_pillars, due_unseen_surprise, trog_eyes_of_draining
D:6:      layout_basic, uniq_grinder
D:7:      layout_gridville, kennysheep_mini

Skill      XL: |  1  2  3  4  5  6  7  8 |
---------------+-------------------------+-----
Spellcasting   | 2 3 4 5 6 |  6.0
Transmutations | 2 3 4 5 6 |  6.6
Poison Magic   | 1 2 3 5 |  5.0
Ice Magic      | 1 |  1.1
Fighting       | |  0.8
Short Blades   | |  0.1
Dodging        | |  1.7
Unarmed Combat | |  2.6

Action                   |  1- 3 |  4- 6 |  7- 9 || total
-------------------------+-------+-------+-------++-------
Melee: Unarmed           |     6 |   155 |   151 ||   312
       Kick              |    22 |     9 |       ||    31
       Short sword       |   114 |    52 |       ||   166
       Headbutt          |    13 |     4 |       ||    17
       Punch             |     1 |     1 |       ||     2
       Dagger            |       |     2 |       ||     2
       Rapier            |       |       |    17 ||    17
 Cast: Beastly Appendage |    28 |     9 |       ||    37
       Spider Form       |       |    24 |     9 ||    33
       Ice Form          |       |       |     7 ||     7
  Use: Scroll            |     2 |     6 |       ||     8
 Stab: Sleeping          |     4 |     2 |     2 ||     8
Armor: Robe              |    23 |    24 |     6 ||    53
       Skin              |       |    12 |    29 ||    41
Dodge: Dodged            |    87 |   186 |   123 ||   396
